AoeStats
← Yova

Migration

508757325Analyzed
1v1 RM · 10d ago on Sep 23, 2026· 55m 59s· 2 players
Game mode
Random Map
Map size
132×132
Population
200
Speed
Normal
Resources
Standard
Victory
Conquest
Starting age
Dark Age
Ending age
Imperial Age
RankedLock teamsTeams togetherTeam positionsShared explorationLock speedFull tech treeHidden civsTurbo modeCheats
Victory
Defeat
🇺🇸 Persians · United States
874
+15
🇦🇷 Italians · Argentina
854
-15
Yova
0:26 Loom
10:21 Feudal Age
11:17 Double-Bit Axe
22:13 Castle Age
35:13 Fletching
39:23 Imperial Age
37:42 Padded Archer Armor
38:27 Horse Collar
41:08 Bodkin Arrow
46:33 Wheelbarrow
49:10 Leather Archer Armor
52:52 Bracer
harpua44
10:24 Feudal Age
11:13 Double-Bit Axe
13:28 Wheelbarrow
18:28 Castle Age
17:30 Gold Mining
17:21 Horse Collar
22:48 Elite Skirmisher
30:37 Gold Shaft Mining
38:26 Imperial Age
37:47 Fletching
39:00 Bloodlines
38:50 Husbandry
38:58 Scale Barding Armor
38:49 Bodkin Arrow
39:07 Light Cavalry
39:07 Cavalier
41:31 Ballistics
43:29 Cavalier
49:00 Hussar
52:53 Heavy Plow
53:04 Bow Saw
53:38 Heavy Cavalry Archer
56:38 Forging
56:48 Chain Barding Armor
Connection lost

Rejoining the realm…

Still unreachable

The connection could not be restored.

Session expired

The server has moved on; the page needs a fresh start.